 Dungeon Crawl Stone Soup version 0.23.1 (webtiles) character file.

Game seed: 7343408937973066430

3123 Piffle the Grappler (level 9, -14/85 HPs)
             Began as a Troll Warper on Mar 16, 2019.
             Was a Follower of Cheibriados.
             Demolished by Prince Ribbit (16 damage)
             ... on level 7 of the Dungeon.
             The game lasted 00:16:42 (4554 turns).

Piffle the Grappler (Troll Warper)                  Turns: 4554, Time: 00:16:42

Health: -14/85     AC:  7    Str: 25    XL:     9   Next: 60%
Magic:  11/11      EV: 10    Int: 14    God:    Cheibriados [*.....]
Gold:   390        SH:  4    Dex: 12    Spells: 7/13 levels left

rFire    . . .     SeeInvis .     - Unarmed
rCold    . . .     Gourm    +   (no shield)
rNeg     . . .     Faith    .   a - +0 robe
rPois    .         Spirit   .   (helmet restricted)
rElec    .         Reflect  +   A - +0 cloak
rCorr    .         Harm     .   (gloves unavailable)
MR       .....                  (boots unavailable)
Stlth    +.........             h - +4 amulet of reflection
HPRegen  0.64/turn              s - +2 ring of slaying
MPRegen  0.12/turn              (no ring)

@: invisible, very slow
A: large, unfitting armour, claws 3, fast metabolism 3, gourmand, regeneration
1, shaggy fur 1, tough skin 3
a: Bend Time, Renounce Religion


You were on level 7 of the Dungeon.
You worshipped Cheibriados.
Cheibriados was aware of your devotion.
You were completely stuffed.

You visited 2 branches of the dungeon, and saw 8 of its levels.
You also visited: Sewer.

You collected 390 gold pieces.

Inventory:

Hand Weapons
 n - a +0 trident
Missiles
 b - 260 stones
 d - 5 tomahawks of dispersal (quivered)
 y - 4 tomahawks
 H - 2 throwing nets
Armour
 a - a +0 robe (worn)
 A - a +0 cloak (worn)
Jewellery
 h - a +4 amulet of reflection (around neck)
 s - a +2 ring of slaying (left claw)
 v - an uncursed amulet of faith {unknown}
Wands
 I - a wand of paralysis (7)
Scrolls
 c - a scroll of blinking
 e - 3 scrolls of immolation
 g - 3 scrolls of remove curse
 i - 3 scrolls of magic mapping
 j - a scroll of random uselessness {unknown}
 m - 2 scrolls of teleportation {unknown}
 p - a scroll of fear {unknown}
 r - 2 scrolls of enchant armour {unknown}
 t - 3 scrolls of enchant weapon {unknown}
 w - a scroll of amnesia {unknown}
 D - a scroll of noise {unknown}
 E - a scroll of fog {unknown}
 F - a scroll of identify
Potions
 k - 5 potions of brilliance
 l - 2 potions of might
 o - 3 potions of curing
 q - 2 potions of ambrosia
 x - a potion of haste
 z - a potion of magic {unknown}
 B - 4 potions of flight
 C - a potion of heal wounds {unknown}
Comestibles
 f - 13 rations
 G - 10 chunks of flesh


   Skills:
 + Level 4.3 Fighting
 - Level 0.8 Throwing
 - Level 1.9 Dodging
 + Level 11.5 Unarmed Combat
 * Level 2.5 Spellcasting
 * Level 3.0 Translocations
 * Level 1.4 Invocations


You had 7 spell levels left.
You knew the following spells:

 Your Spells              Type           Power        Failure   Level  Hunger
a - Blink                 Tloc           N/A          10%         2    ###....
b - Passage of Golubria   Tloc           N/A          54%         4    #####..

Your spell library contained the following spells:

 Spells                   Type           Power        Failure   Level  Hunger
 Shroud of Golubria       Chrm/Tloc      #.........   19%         2    ###....
 Gell's Gravitas          Tloc           ##........   19%         3    ###....
 Lesser Beckoning         Tloc           ##........   19%         3    ###....
 Teleport Other           Tloc           ##......     19%         3    ###....


Dungeon Overview and Level Annotations

Branches:
Dungeon (7/15)             Temple (1/1) D:5

Altars:
Cheibriados
Dithmenos
Elyvilon
Gozag
Kikubaaqudgha
Makhleb
Nemelex Xobeh
Okawaru
Qazlal
Ru
Sif Muna
Trog
Uskayaw
Vehumet
Wu Jian
Yredelemnul
Zin
The Shining One

Shops:
D:6 (

Annotations:
D:2 exclusion: downstairs
D:7 Prince Ribbit


Innate Abilities, Weirdness & Mutations

You are too large for most types of armour.
You have claws for hands.
Your metabolism is lightning-fast.
You like to eat raw meat.
Your natural rate of healing is unusually fast.
You are covered in fur. (AC +1)
You have extremely tough skin. (AC +3)


Message History

Prince Ribbit hits you!
* * * LOW HITPOINT WARNING * * *
An orc comes into view.
The hippogriff completely misses you.
The hippogriff pecks you but does no damage.
The hippogriff claws you but does no damage.
You block the bullfrog skeleton's attack.
You feel better. Prince Ribbit hits you.
* * * LOW HITPOINT WARNING * * *
The howler monkey hoots and howls with incredible vigour!
The bullfrog skeleton barely misses you.
The hippogriff completely misses you. The hippogriff barely misses you.
The hippogriff claws you but does no damage.
You block Prince Ribbit's attack.
Okay, then.
It was a potion of invisibility.
You fade into invisibility!
The bullfrog skeleton misses you. The crimson imp barely misses you.
Prince Ribbit hits you!
You die...

..?..........#..........5h.#
.............#.......h.Z.?.#
.............#...h.(S......#
.............#.............#
............##...##........#
............##.5o##.......##
....##......##Z.†##......?#
.
....##......##FZ).#........
..>............Y@H..#.......
................5o..# .>..
..............%....##
......##......##...#
......##......##........
........................
.....%..................<
.........................
..............##'####....


You could see a hippogriff, Prince Ribbit, an ice beast, a howler monkey, an orc
priest, 2 crimson imps, an orc, a worker ant zombie and a bullfrog skeleton.

Vanquished Creatures
  Sigmund (D:2)
  Eustachio (D:4)
  2 water moccasins
  3 phantoms
  2 sky beasts
  A black bear (D:6)
  3 ogres
  2 centaurs
  A big kobold (Sewer)
  A gnoll sergeant (D:6)
  A scorpion (D:4)
  4 howler monkeys
  A crimson imp (D:7)
  2 bullfrog zombies
  7 hounds
  A jelly (D:6)
  4 orc priests
  4 orc wizards
  2 centaur zombies
  A gnoll shaman (D:5)
  An iguana (D:2)
  A bullfrog skeleton (D:6)
  A centaur skeleton (D:2)
  11 worker ants
  A killer bee zombie (D:6)
  Robin (D:2)
  6 adders
  12 gnolls
  A shadow imp (D:7)
  2 oozes
  3 adder skeletons
  4 worms
  A dart slug (D:1)
  3 leopard geckos
  16 orcs
  7 giant cockroaches
  2 hobgoblins (D:2)
  8 jackals
  8 kobolds
  2 quokkas (D:3)
  3 bats
  4 frilled lizards
  13 goblins
  A quokka skeleton (D:6)
  A quokka zombie (D:5)
  10 rats
167 creatures vanquished.

Vanquished Creatures (others)
  A human (D:3)
1 creature vanquished.

Grand Total: 168 creatures vanquished

Notes
Turn   | Place    | Note
-------+----------+-------------------------------------------
     0 | D:1      | Piffle the Troll Warper began the quest for the Orb.
     0 | D:1      | Reached XP level 1. HP: 19/19 MP: 1/1
   259 | D:1      | Reached XP level 2. HP: 21/28 MP: 1/3
   370 | D:1      | Learned a level 2 spell: Blink
   871 | D:2      | Noticed Sigmund
   910 | D:2      | Killed Sigmund
   910 | D:2      | Reached skill level 3 in Unarmed Combat
   910 | D:2      | Reached XP level 3. HP: 32/36 MP: 3/5
   910 | D:2      | Reached XP level 4. HP: 39/44 MP: 3/6
   910 | D:2      | Reached XP level 5. HP: 44/50 MP: 3/7
  1087 | D:2      | Noticed Robin
  1106 | D:2      | Killed Robin
  1107 | D:2      | Reached skill level 4 in Unarmed Combat
  1206 | D:2      | Noticed a centaur
  1219 | D:2      | Killed a centaur
  1219 | D:2      | Reached XP level 6. HP: 6/59 MP: 8/8
  1592 | D:2      | Reached skill level 5 in Unarmed Combat
  2004 | D:3      | Found an ancient bone altar of Kikubaaqudgha.
  2019 | D:3      | Noticed a human
  2020 | D:3      | Killed a human
  2040 | D:3      | Found an ornate altar of the Wu Jian Council.
  2332 | D:4      | Reached XP level 7. HP: 46/66 MP: 9/9
  2336 | D:4      | You fall through a shaft for 3 floors!
  2336 | D:7      | Noticed a hippogriff
  2339 | D:7      | Noticed a hippogriff
  2356 | D:7      | Noticed Prince Ribbit
  2363 | D:6      | Reached skill level 6 in Unarmed Combat
  2469 | D:6      | Reached skill level 7 in Unarmed Combat
  2559 | D:6      | Reached XP level 8. HP: 46/75 MP: 10/10
  2576 | D:6      | Found Jiquutih's Antique Weapon Shoppe.
  2593 | D:6      | Reached skill level 8 in Unarmed Combat
  2741 | D:5      | Entered Level 5 of the Dungeon
  2745 | D:4      | Noticed Eustachio
  2755 | D:4      | Killed Eustachio
  2793 | D:4      | Reached skill level 9 in Unarmed Combat
  2817 | D:4      | Found a glowing drain.
  2864 | Sewer    | Entered a sewer
  3060 | Sewer    | Found a white marble altar of Elyvilon.
  3142 | D:4      | Learned a level 4 spell: Passage of Golubria
  3313 | D:4      | Reached skill level 10 in Unarmed Combat
  3346 | D:5      | Reached XP level 9. HP: 84/84 MP: 11/11
  3421 | D:5      | Found a staircase to the Ecumenical Temple.
  3438 | Temple   | Entered the Ecumenical Temple
  3555 | Temple   | Became a worshipper of Cheibriados the Contemplative
  3949 | D:5      | Reached skill level 11 in Unarmed Combat
  4426 | D:7      | Reached skill level 1 in Invocations
  4448 | D:7      | Reached * piety under Cheibriados
  4552 | D:7      | HP: 2/85 [Prince Ribbit (13)]
  4554 | D:7      | Demolished by Prince Ribbit

Skill      XL: |  1  2  3  4  5  6  7  8  9 |
---------------+----------------------------+-----
Fighting       | 2 3 4 |  4.3
Unarmed Combat | 3 4 5 7 10 11 | 11.5
Spellcasting   | 2 |  2.5
Invocations    | 1 |  1.4
Translocations | 3 |  3.0
Throwing       | |  0.8
Dodging        | |  1.9

Action                   |  1- 3 |  4- 6 |  7- 9 || total
-------------------------+-------+-------+-------++-------
Melee: Unarmed           |    62 |   147 |   302 ||   511
       Punch             |       |     2 |     9 ||    11
  Use: Potion            |       |       |     6 ||     6
       Scroll            |       |       |     5 ||     5
  Eat: Chunk             |     5 |    22 |    22 ||    49
Armor: Robe              |    31 |    38 |    90 ||   159
Dodge: Dodged            |    37 |    56 |   148 ||   241
Block: Other             |     9 |    15 |    35 ||    59
       Reflection        |       |     1 |     3 ||     4
